AoeStats
← Malcolm Little

Arena

509781967Analyzed
4v4 RM · 3d ago on Sep 28, 2026· 42m 42s· 8 players
Game mode
Random Map
Map size
Large (8 player)
Population
200
Speed
Normal
Resources
Standard
Victory
Conquest
Starting age
Dark Age
Ending age
Imperial Age
RankedLock teamsTeams togetherTeam positionsShared explorationLock speedFull tech treeHidden civsTurbo modeCheats
Victory
Defeat
🇺🇸 Britons · United States
1526
+13
🇹🇼 Spanish · Taiwan
1516
+13
🇧🇷 Teutons · Brazil
1488
+14
🇩🇴 Bohemians · Dominican Republic
1481
+14
🇲🇽 Bulgarians · Mexico
1530
-17
🇨🇷 Gurjaras · Costa Rica
1490
-15
🇲🇽 Hindustanis · Mexico
1439
-13
🇲🇽 Britons · Mexico
1339
-9
Freakcles
10:53 Feudal Age
15:01 Castle Age
14:52 Double-Bit Axe
14:49 Horse Collar
17:00 Bow Saw
19:31 Loom
22:38 Fletching
23:09 Town Watch
24:21 Heavy Plow
25:33 Wheelbarrow
25:24 Gold Mining
30:27 Imperial Age
28:16 Padded Archer Armor
28:51 Hand Cart
29:02 Bodkin Arrow
29:35 Yeomen
30:11 Ballistics
30:48 Leather Archer Armor
30:40 Town Patrol
30:58 Fortified Wall
32:12 Chemistry
31:28 Bracer
32:55 Ring Archer Armor
32:57 Elite Longbowman
33:08 Elite Skirmisher
37:34 Conscription
40:15 Guard Tower
40:11 Arrowslits
42:28 Keep
Tylenol
10:33 Feudal Age
14:36 Castle Age
12:37 Double-Bit Axe
13:54 Horse Collar
14:16 Gold Mining
16:00 Bow Saw
20:22 Scale Barding Armor
22:27 Chain Barding Armor
23:02 Heavy Plow
24:39 Wheelbarrow
26:01 Forging
27:05 Hand Cart
30:47 Imperial Age
28:56 Iron Casting
28:32 Bloodlines
28:52 Stone Mining
30:07 Squires
29:52 Arson
29:30 Pikeman
30:11 Scale Mail Armor
32:12 Plate Barding Armor
33:28 Blast Furnace
33:15 Stone Shaft Mining
33:41 Two-Man Saw
33:11 Crop Rotation
32:22 Cavalier
34:26 Blast Furnace
33:59 Chain Mail Armor
34:06 Halberdier
36:42 Plate Mail Armor
36:34 Conscription
36:41 Fletching
37:14 Ballistics
36:43 Elite Teutonic Knight
37:29 Town Watch
37:29 Loom
38:16 Bodkin Arrow
39:33 Hoardings
39:11 Masonry
38:48 Arrowslits
40:50 Chemistry
39:38 Paladin
41:25 Crenellations
Malcolm Little
10:50 Feudal Age
14:54 Castle Age
13:29 Double-Bit Axe
14:03 Horse Collar
23:35 Loom
25:04 Wheelbarrow
28:28 Hand Cart
30:50 Imperial Age
29:22 Fervor
29:35 Sanctity
29:34 Padded Archer Armor
29:39 Scale Mail Armor
29:51 Forging
29:58 Bow Saw
29:52 Heavy Plow
31:09 Chemistry
30:38 Fletching
34:31 Two-Man Saw
34:17 Leather Archer Armor
34:16 Masonry
35:46 Ring Archer Armor
36:04 Conscription
36:46 Houfnice
41:24 Iron Casting
41:05 Chain Mail Armor
40:11 Pikeman
40:37 Arson
40:53 Squires
42:31 Bodkin Arrow
43:37 Blast Furnace
Roooooooo
10:44 Feudal Age
12:01 Double-Bit Axe
14:51 Castle Age
14:11 Horse Collar
15:41 Bow Saw
15:47 Heavy Plow
16:25 Wheelbarrow
17:00 Loom
24:26 Hand Cart
24:52 Gold Mining
24:53 Stone Mining
29:00 Imperial Age
27:03 Scale Barding Armor
27:09 Forging
27:35 Bloodlines
27:25 Husbandry
28:54 Chain Barding Armor
29:10 Iron Casting
30:41 Chemistry
29:02 Cavalier
30:04 Conscription
30:22 Plate Barding Armor
30:57 Paladin
31:44 Town Watch
33:07 Blast Furnace
33:06 Scale Mail Armor
32:29 Pikeman
33:10 Squires
32:55 Arson
33:25 Light Cavalry
35:15 Chain Mail Armor
34:41 Halberdier
37:15 Plate Mail Armor
36:39 Fletching
37:51 Two-Man Saw
Marco Aurelio
8:09 Loom
10:08 Feudal Age
15:57 Castle Age
15:18 Double-Bit Axe
15:13 Horse Collar
17:49 Bow Saw
17:53 Heavy Plow
22:33 Fletching
24:07 Gold Mining
28:51 Imperial Age
26:28 Stone Mining
27:11 Bodkin Arrow
27:38 Padded Archer Armor
28:44 Leather Archer Armor
29:39 Ballistics
30:23 Wheelbarrow
29:33 Town Watch
30:04 Bracer
31:17 Chemistry
30:57 Gold Shaft Mining
32:18 Elite Longbowman
34:23 Ring Archer Armor
36:59 Crossbowman
37:22 Elite Skirmisher
37:50 Arbalester
Lady D
9:31 Feudal Age
10:32 Feudal Age
15:37 Castle Age
13:49 Double-Bit Axe
13:46 Horse Collar
16:43 Bow Saw
17:06 Heavy Plow
21:03 Wheelbarrow
22:16 Gold Mining
23:48 Gold Shaft Mining
23:43 Hand Cart
28:50 Imperial Age
26:54 Forging
26:49 Scale Barding Armor
27:08 Loom
27:06 Light Cavalry
28:46 Bloodlines
28:40 Husbandry
29:58 Chain Barding Armor
30:14 Iron Casting
29:11 Heavy Camel Rider
31:35 Imperial Camel Rider
34:07 Stone Mining
35:32 Plate Barding Armor
35:58 Blast Furnace
38:37 Hussar
Wolobo
11:06 Feudal Age
14:45 Castle Age
14:10 Double-Bit Axe
14:06 Horse Collar
15:20 Fletching
15:56 Loom
16:24 Bodkin Arrow
16:48 Town Watch
17:59 Scale Barding Armor
21:12 Forging
23:22 Scale Mail Armor
26:47 Chain Mail Armor
27:08 Chain Barding Armor
29:00 Wheelbarrow
28:39 Bow Saw
30:21 Iron Casting
35:43 Imperial Age
34:04 Hand Cart
34:40 Chain Mail Armor
35:37 Heavy Plow
35:30 Gold Mining
37:01 Plate Barding Armor
37:28 Blast Furnace
36:34 Gambesons
36:49 Squires
37:20 Plate Mail Armor
37:18 Stone Mining
37:50 Arson
38:52 Bloodlines
38:44 Husbandry
38:05 Light Cavalry
40:31 Hussar
Daniel Lothbrok
11:22 Feudal Age
15:24 Castle Age
13:58 Double-Bit Axe
13:55 Horse Collar
17:58 Bow Saw
18:51 Wheelbarrow
18:02 Town Watch
19:35 Forging
19:48 Heavy Plow
20:20 Stone Mining
21:16 Fervor
26:37 Hand Cart
26:57 Gold Mining
27:42 Stone Shaft Mining
32:32 Imperial Age
29:48 Loom
31:07 Kshatriyas
31:11 Scale Barding Armor
31:27 Husbandry
31:37 Bloodlines
32:46 Chain Barding Armor
33:02 Iron Casting
33:12 Gold Shaft Mining
33:02 Heavy Camel Rider
34:14 Conscription
34:36 Plate Barding Armor
34:59 Town Patrol
35:57 Crop Rotation
35:35 Fletching
36:53 Bodkin Arrow
36:58 Padded Archer Armor
37:30 Bracer
38:08 Thumb Ring
37:25 Elite Elephant Archer
39:03 Leather Archer Armor
39:00 Light Cavalry
41:30 Ballistics
42:11 Chemistry
Connection lost

Rejoining the realm…

Still unreachable

The connection could not be restored.

Session expired

The server has moved on; the page needs a fresh start.